 Dungeon Crawl Stone Soup version 0.17.2-2-g6415ff710d (webtiles) character file.

3287 NyaggerMan the Martial Artist (level 9, -3/76 HPs)
             Began as a Mummy Monk on Dec 20, 2020.
             Slain by a black bear (7 damage)
             ... on level 7 of the Dungeon.
             The game lasted 00:43:24 (19272 turns).

NyaggerMan the Martial Artist (Mummy Monk)         Turns: 19272, Time: 00:43:24

Health: -3/76      AC:  4    Str: 14    XL:     9   Next: 69%
Magic:  9/9        EV: 15    Int: 10    God:
Gold:   379        SH:  0    Dex: 17    Spells: 0 memorised, 8 levels left

rFire  x . .     SeeInvis .       - Unarmed
rCold  + . .     Clarity  .     (no armour)
rNeg   + + +     SustAt   .     (no shield)
rPois  ∞         Gourm    .     (no helmet)
rElec  .         Spirit   .     d - +2 cloak {mommy's warmies}
rCorr  .         Warding  .     (no gloves)
rMut   .         Stasis   .     m - +0 pair of boots
MR     +....                    (no amulet)
Stlth  ++........               (no ring)
                                (no ring)

@: somewhat resistant to hostile enchantments, unstealthy
A: no food or potions, fire vulnerability, cold resistance 1, negative energy
resistance 3, torment resistance, unbreathing
a: no special abilities


You were on level 7 of the Dungeon.
You were not hungry.

You visited 2 branches of the dungeon, and saw 9 of its levels.

You collected 379 gold pieces.


Innate Abilities, Weirdness & Mutations

You do not eat or drink.
Your flesh is vulnerable to fire.
You are immune to poison.
Your flesh is cold resistant.
You are immune to negative energy.
You are immune to unholy pain and torment.
You can survive without breathing.


   Skills:
 + Level 9.0 Fighting
 - Level 4.4 Dodging
 - Level 1.5 Stealth
 - Level 9.0 Unarmed Combat


You had 8 spell levels left.
You didn't know any spells.

Inventory:

Armour
 d - a +2 cloak (worn) {mommy's warmies}
 m - a +0 pair of boots (worn)
 n - a +0 large shield
Jewellery
 g - an uncursed amulet of resist corrosion {unknown}
 l - an uncursed amulet of the gourmand {unknown}
 q - an uncursed amulet of clarity {unknown}
Scrolls
 a - a scroll of random uselessness {unknown}
 b - 3 scrolls of remove curse
 c - 2 scrolls of teleportation {@r4 !r}
 e - a scroll of enchant weapon
 f - 2 scrolls of immolation {!r}
 i - 2 scrolls of blinking {!r}
 j - a scroll of recharging
 k - a scroll of amnesia {unknown}
 p - a scroll of magic mapping {unknown}
 r - a scroll of fog {unknown}
Comestibles
 h - 2 fruits
 o - a royal jelly (quivered)

Dungeon Overview and Level Annotations

Branches:
Dungeon (8/15)             Temple (1/1) D:4            Lair (0/8) D:8

Altars:
Ashenzari
Cheibriados
Dithmenos
Elyvilon
Fedhas
Gozag
Kikubaaqudgha
Makhleb
Nemelex Xobeh
Okawaru
Qazlal
Ru
Sif Muna
Trog
Xom
Yredelemnul
Zin
The Shining One

Annotations:
D:4 Og, exclusion: upstairs
D:7 exclusion: gnoll, Joseph

...▒▒▒
▒.....Y.........▒
▒.▒..▒
▒▒▒▒▒▒......▒▒▒.▒
.....▒
▒▒▒▒▒▒▒▒▒▒..._..▒ .▒
▒.▒.▒▒
▒...OY.Z........▒▒▒.▒
...▒▒
▒.▒▒▒▒▒▒▒▒.......<..▒
▒.▒▒ ▒▒▒▒▒.▒▒...▒
▒.▒▒....▒..▒ ▒.▒
▒..†...Y.▒.▒
▒.▒▒▒▒▒▒▒..▒
▒.▒▒▒▒▒▒.▒▒▒.▒▒Oh.▒
▒.▒ ▒..▒▒ .....>†..▒
▒.▒▒▒M▒▒ ▒.▒ ▒▒...▒
▒_▒▒▒▒▒▒▒▒ ▒.▒ ▒.▒ ▒.▒
▒▒...▒. ▒.▒ ▒.▒ ...
..▒▒▒▒▒....▒▒ ▒.▒
..▒▒..▒. ..........▒▒.
▒.▒
.▒▒▒....(....▒▒▒▒..▒.▒
▒.▒ . ▒▒.▒ ▒▒▒ ▒...▒▒
▒.▒ ▒. ▒.▒ ▒..▒▒ ▒.▒
▒.▒ ▒.▒▒ g.▒ ▒.▒


You could see a black bear, an ice beast and an ogre.


Message History

* * * don't die
* * * You take 16 damage, and have 32/76 hp!
MASSIVE DAMAGE!!!!!!
You beat the ogre into a bloody pulp!!!
The ogre is heavily wounded!
The ogre hits you with a giant club!!! * * * don't die
* * * You take 13 damage, and have 19/76 hp!
You pulverise the ogre!
The ogre is severely wounded!
You squash the ogre but do no damage!
The ogre is severely wounded!
The ogre hits you with a giant club!!! * * * don't die
* * * You take 13 damage, and have 6/76 hp!
Enter note:
Enter note: I don't feel it You see here a bread ration!
A black bear comes into view!
The black bear growls angrily!
The black bear closely misses you! x2
The black bear misses you!
Found 26 arrows!
The black bear bites you!!! * * * don't die
* * * The black bear claws you! * * * don't die
* * * The black bear claws you but does no damage!
You take 8 damage, and have 4/76 hp!
The black bear bites you!!! rip

Action                   |  1- 3 |  4- 6 |  7- 9 || total
-------------------------+-------+-------+-------++-------
Melee: Unarmed           |   229 |   435 |   636 ||  1300
  Use: Scroll            |       |       |     9 ||     9
 Stab: Sleeping          |     1 |     5 |     8 ||    14
       Distracted        |       |     1 |     1 ||     2

Vault maps used:
D:1:      lightli_arrival_lavapool, serial_bayou_pond_d
D:2:      old_standard_altar, uniq_natasha
D:3:      nicolae_overflow_hidden_temple, minivault_5
D:4:      minmay_temple_entry_statues_fountains, first_bread,
          minmay_crystal_room, roderic_lattice_a
D:5:      minmay_opposing_rooms, lemuel_round_altar
D:6:      uniq_grinder
D:7:      overflow_temple_1_default, kennysheep_little_box, basic_altar,
          hangedman_abyss_or_decor_stabs, grunt_ogre_cave,
          hangedman_feature_mirror, grunt_gozag_statues, uniq_joseph
D:8:      lemuel_coloured_pillars_altar, david_lair_shrubbed,
          nrook_pool_corridor, uniq_psyche
Temple:   nicolae_temple_god_jail

Notes
Turn   | Place    | Note
--------------------------------------------------------------
     0 | D:1      | NyaggerMan the Mummy Monk began the quest for the Orb.
     0 | D:1      | Reached XP level 1. HP: 18/18 MP: 1/1
   466 | D:1      | Reached XP level 2. HP: 18/24 MP: 2/2
  1012 | D:2      | Noticed Natasha
  1041 | D:2      | oooh
  1061 | D:2      | Found a sparkling altar of Nemelex Xobeh.
  1396 | D:2      | Reached skill level 4 in Unarmed Combat
  1919 | D:2      | Reached XP level 3. HP: 26/29 MP: 3/3
  3397 | D:2      | Reached XP level 4. HP: 18/35 MP: 4/4
  4023 | D:2      | Reached skill level 5 in Unarmed Combat
  4519 | D:3      | Noticed an ice beast
  4698 | D:3      | Reached XP level 5. HP: 41/41 MP: 5/5
  4826 | D:3      | The cleverest mummy
  5142 | D:3      | Found a snail-covered altar of Cheibriados.
  5339 | D:3      | Reached skill level 4 in Fighting
  6067 | D:4      | Noticed an ogre
  6390 | D:4      | Found a staircase to the Ecumenical Temple.
  6410 | Temple   | Entered the Ecumenical Temple
  6725 | D:4      | Noticed a phantom
  6803 | D:5      | Entered Level 5 of the Dungeon
  6811 | D:5      | Noticed a centaur
  7177 | D:5      | Reached skill level 5 in Fighting
  7177 | D:5      | Reached XP level 6. HP: 40/51 MP: 6/6
  7484 | D:3      | HP: 3/51 [ice beast (6)]
  8588 | D:5      | Found an ancient bone altar of Kikubaaqudgha.
  8775 | D:4      | HP: 1/51 [iguana (13)]
  8953 | D:4      | HP: 1/51 [iguana (11)]
  9107 | D:3      | Reached skill level 3 in Dodging
  9118 | D:3      | HP: 3/51 [ice beast (7)]
  9416 | D:3      | Killed an ice beast
 10555 | D:5      | Reached XP level 7. HP: 46/56 MP: 7/7
 10579 | D:5      | Noticed a phantom
 11093 | D:4      | Reached skill level 6 in Unarmed Combat
 11633 | D:4      | Killed a phantom
 12461 | D:4      | HP: 3/56 [orc/mace (6)]
 13146 | D:2      | Killed Natasha
 13230 | D:2      | Found a sparkling altar of Nemelex Xobeh.
 13420 | D:2      | Noticed Natasha
 13427 | D:2      | Killed Natasha
 13559 | D:2      | Noticed Natasha
 13563 | D:2      | Killed Natasha
 13771 | D:5      | Reached skill level 7 in Unarmed Combat
 13771 | D:5      | Reached XP level 8. HP: 25/62 MP: 8/8
 14059 | D:5      | Killed an ogre
 14162 | D:5      | Killed a centaur
 14444 | D:5      | Killed a phantom
 14444 | D:5      | Reached skill level 6 in Fighting
 14537 | D:6      | Noticed a gargoyle
 14714 | D:6      | Noticed Grinder
 14801 | D:6      | Paralysed by Grinder for 5 turns
 14983 | D:6      | Paralysed by Grinder for 5 turns
 15073 | D:6      | Killed Grinder
 15073 | D:6      | Reached skill level 7 in Fighting
 15078 | D:6      | gg no re
 15084 | D:7      | Found a white marble altar of Elyvilon.
 15901 | D:6      | Reached skill level 8 in Fighting
 16697 | D:5      | Reached XP level 9. HP: 62/74 MP: 9/9
 16876 | D:6      | Reached skill level 8 in Unarmed Combat
 17100 | D:7      | Found a shadowy altar of Dithmenos.
 17302 | D:7      | Reached skill level 4 in Dodging
 17647 | D:7      | Found a basalt altar of Yredelemnul.
 18020 | D:7      | Found an opulent altar of Gozag.
 18021 | D:7      | Noticed Joseph
 18028 | D:7      | Found an opulent altar of Gozag.
 18048 | D:7      | Found a blossoming altar of Fedhas.
 18049 | D:7      | I don't really feel like doing any fun names and that is depressing
 18766 | D:8      | Found a staircase to the Lair.
 18767 | D:8      | Noticed a komodo dragon
 18782 | D:8      | Reached skill level 9 in Unarmed Combat
 19218 | D:7      | Reached skill level 9 in Fighting
 19242 | D:7      | HP: 6/76 [ogre/giant club (14)]
 19246 | D:7      | I don't feel it
 19271 | D:7      | HP: 5/76 [black bear (7)]
 19272 | D:7      | Slain by a black bear

Vanquished Creatures
  Grinder (D:6)
  A hippogriff (D:7)
  2 ice beasts
  3 phantoms
  2 sky beasts
  2 centaurs
  2 ogres
  6 giant frogs
  3 scorpions
  2 jellies
  12 wights
  4 hounds
  5 orc wizards
  2 crimson imps
  A giant frog skeleton (D:7)
  An orc priest (D:7)
  3 iguanas
  3 worker ants
  Natasha (thrice) (D:2)
  2 hound skeletons (D:4)
  A hound zombie (D:5)
  A worker ant zombie (D:5)
  4 gnolls
  2 shadow imps
  10 adders
  An adder skeleton (D:7)
  An adder zombie (D:5)
  4 worms (D:2)
  2 giant geckos
  15 orcs
  5 ball pythons
  10 bats
  15 giant cockroaches
  13 hobgoblins
  10 kobolds
  8 quokkas
  A giant gecko skeleton (D:7)
  A giant gecko zombie (D:6)
  5 giant newts
  8 goblins
  14 jackals
  A quokka skeleton (D:5)
  2 quokka zombies
  11 rats
205 creatures vanquished.

Vanquished Creatures (others)
  6 plants (D:8)
6 creatures vanquished.

Grand Total: 211 creatures vanquished
